 Dungeon Crawl Stone Soup version 0.29-a0-330-g52719c12eb (webtiles) character file.

Game seed: 8683809539975620472

103932 brightshaft the Spry (level 16, -6/133 HPs)
             Began as a Merfolk Brigand on Apr 12, 2022.
             Was the Champion of Qazlal.
             Killed by the air
             ... invoked by a wind drake
              (16 damage)
             ... on level 1 of the Shoals.
             The game lasted 01:00:11 (24547 turns).

brightshaft the Spry (Merfolk Brigand)             Turns: 24547, Time: 01:00:12

Health: -6/133     AC: 24    Str: 12    XL:     16   Next: 37%
Magic:  10/25      EV: 51    Int: 12    God:    Qazlal [******]
Gold:   2428       SH: 14    Dex: 25    Spells: 15/15 levels left

rFire   + . .      SeeInvis +   X - +4 scimitar (freeze)
rCold   . . .      Faith    .   v - +1 buckler {AC+3}
rNeg    + . .      Spirit   .   C - +2 scale mail {rF+}
rPois   .          Reflect  .   Y - +2 helmet
rElec   .          Harm     .   M - +2 cloak
rCorr   .          Rampage  .   L - +0 pair of gloves of Integrity {rN+ Dex+4}
Will    +....                   (boots currently unavailable)
Stlth   +.........              f - amulet of the acrobat
HPRegen 0.32/turn               d - ring "Bytewk" {EV+4 SInv}
MPRegen 0.19/turn               h - +4 ring of evasion

@: protected from physical damage, acrobatic, studying Invocations, repel
missiles, very quick
A: nimble swimmer 2, mertail
a: Renounce Religion, Upheaval, Elemental Force, Disaster Area


You were on level 1 of the Shoals.
You worshipped Qazlal.
Qazlal was exalted by your worship.
You visited 4 branches of the dungeon, and saw 24 of its levels.
You also visited: Sewer and Bailey.

You collected 2969 gold pieces.
You spent 541 gold pieces at shops.

Inventory:

Hand Weapons
 a - the +5 triple sword of Cat Enka {protect, rCorr Int+4}
   (You acquired it on level 5 of the Lair of Beasts)

   It grants its wielder temporary protection when it strikes (+7 to AC).
   Int:       It affects your intelligence (+4).
   rCorr:     It protects you from acid and corrosion.
 X - a +4 scimitar of freezing (weapon)
 Z - a +2 scimitar of flaming
Armour
 q - a +2 pair of boots (melded)
 v - a +1 buckler of protection (worn)
 C - a +2 scale mail of fire resistance (worn)
 D - an orb of light
 L - the +0 pair of gloves of Integrity (worn) {rN+ Dex+4}
   (You found it on level 6 of the Dungeon)

   Dex:       It affects your dexterity (+4).
   rN:        It protects you from negative energy.
 M - a +2 cloak (worn)
 Y - a +2 helmet (worn)
Jewellery
 d - the ring "Bytewk" (left hand) {EV+4 SInv}
   (You found it on level 1 of the Lair of Beasts)

   [ring of evasion]

   EV:        It affects your evasion (+4).
   SInv:      It lets you see invisible.
 e - an amulet of regeneration
 f - an amulet of the acrobat (around neck)
 h - a +4 ring of evasion (right hand)
 r - a +4 ring of protection
 F - a ring of poison resistance
 G - a +6 ring of dexterity
 R - a ring of flight
Wands
 b - a wand of acid (11)
 c - a wand of charming (9)
 u - a wand of digging (7)
 J - a wand of flame (21)
 P - a wand of iceblast (12)
 T - a wand of polymorph (8)
 U - a wand of paralysis (13)
Scrolls
 g - 11 scrolls of teleportation
 i - 3 scrolls of summoning
 k - 13 scrolls of identify
 m - 7 scrolls of magic mapping
 o - 3 scrolls of enchant armour
 p - 2 scrolls of amnesia
 s - 5 scrolls of fear
 t - 5 scrolls of fog
 w - 5 scrolls of silence
 A - 2 scrolls of acquirement
 E - 7 scrolls of enchant weapon
 I - a scroll of holy word
Potions
 j - 4 potions of lignification
 l - 2 potions of heal wounds
 n - a potion of might
 x - 2 potions of magic
 z - 2 potions of haste
 B - a potion of resistance
 H - 7 potions of flight
 N - 9 potions of brilliance
 O - 2 potions of cancellation
 Q - 2 potions of ambrosia
 W - 10 potions of curing
Miscellaneous
 S - a piece from Xom's chessboard (15/15)


   Skills:
 * Level 14.1 Fighting
 - Level 4.1(10.2) Short Blades
 + Level 14.4(14.6) Long Blades
 - Level 2.7 Throwing
 + Level 9.1 Armour
 * Level 20.5 Dodging
 - Level 4.3 Stealth
 * Level 1.2 Shields
 * Level 13.0 Invocations


You had 15 spell levels left.
You didn't know any spells.
Your spell library contained the following spells:

 Spells                   Type           Power      Damage    Failure   Level
 Magic Dart               Conj           0%         1d3       87%         1
 Sandblast                Erth           0%         2d4       87%         1
 Ensorcelled Hibernation  Hex/Ice        0%         N/A       95%         2
 Passwall                 Tmut/Erth      0%         N/A       95%         2
 Searing Ray              Conj           0%         2d4       95%         2
 Sublimation of Blood     Necr           0%         N/A       95%         2
 Wereblood                Tmut           0%         N/A       95%         2
 Spider Form              Tmut/Pois      0%         N/A       99%         3
 Stone Arrow              Conj/Erth      0%         3d7       99%         3
 Anguish                  Hex/Necr       0%         N/A       100%        4
 Animate Dead             Necr           0%         N/A       100%        4
 Fulminant Prism          Conj/Hex       0%         3d6       100%        4
 Borgnjor's Vile Clutch   Necr/Erth      0%         N/A       100%        5
 Death Channel            Necr           0%         N/A       100%        6
 Dispersal                Tloc           0%         N/A       100%        6
 Summon Hydra             Summ           0%         N/A       100%        7
 Disjunction              Tloc           0%         N/A       100%        8


Dungeon Overview and Level Annotations

Branches:
Dungeon (15/15)            Temple (0/1) D:5            Lair (6/6) D:11
 Shoals (1/4) Lair:3        Snake (0/4) Lair:4        Slime (0/5) Lair:5
    Orc (2/2) D:10            Elf (0/3) Orc:2        Vaults (0/5) D:14
 Depths (0/4) D:15          Sewer (visited)          Bailey (visited)

Altars:
Dithmenos
Gozag
Hepliaklqana
Kikubaaqudgha
Makhleb
Qazlal
Ru
Beogh
Jiyva

Shops:
D:1 =   D:4 :   D:5 ?   D:7 *   Orc:2 (??=

Annotations:
D:9 1 runed translucent door


Innate Abilities, Weirdness & Mutations

You are very nimble when in or above water. (Stealth+, EV+, Speed+++)
Your lower body shifts to a powerful aquatic tail in water.


Message History

The blast of ice hits the plant!!
The plant is severely damaged.
The blast of ice hits the plant!!!
The plant is almost destroyed.
You hear an angry hiss.
A nearby plant withers and dies. x6; You block the sea snake's attack.
The sea snake misses you. The wind drake bites you!
* * * LOW HITPOINT WARNING * * *
You feel protected from physical attacks.
The sea snake is struck by lightning.
You kill the sea snake!
Qazlal accepts your kill.
Your Shields skill increases to level 1!
Your Invocations skill increases to level 13!
You slash the wind drake! You freeze the wind drake.
The wind drake is severely wounded.
A nearby plant withers and dies. x9
A sea snake comes into view.
You block the wind drake's attack. The sea snake bites you.
* * * LOW HITPOINT WARNING * * *
You are lethally poisoned!
The sea snake poisons you!
You feel better.
You are no longer glowing.
A wind drake comes into view.
You block the sea snake's attack. The wind drake flaps its wings at you.
The air twists around and strikes you!
* * * LOW HITPOINT WARNING * * *
You block the sea snake's attack.
A nearby plant withers and dies. x2; The wind drake completely misses you.
The sea snake completely misses you. The wind drake flaps its wings at you.
The air twists around and strikes you.
* * * LOW HITPOINT WARNING * * *
Things that are here:
a +0 hunting sling; a +0 spear; a faun corpse The wind drake flaps its wings at you.
The air twists around and strikes you!
You die...

≈≈≈. #......≈≈(. .....
#.≈PS≈.≈≈≈≈≈≈
≈....###.≈..≈(≈≈≈≈..
≈≈≈(.#....≈≈≈..#....
≈≈>§.k...§§≈≈≈##..........
≈≈≈.≈≈..≈≈†°≈.............
≈≈≈≈≈≈≈≈S†S°.§..........#
≈≈≈≈≈≈≈≈○≈k)≈...........#
≈≈≈≈≈≈≈≈°≈≈)@○≈≈.......#####
≈≈≈≈≈≈≈≈≈≈≈≈≈≈☼P..≈≈≈.......
≈≈≈≈≈≈≈≈≈≈≈≈≈........c?.....
≈≈≈≈≈≈≈≈≈≈≈)...≈≈........≈≈≈
≈≈≈≈≈≈≈≈≈≈......#<....c.≈≈≈≈
≈≈≈≈≈≈≈≈≈≈≈≈≈.##........≈≈≈≈
≈≈≈≈≈≈≈≈≈≈≈≈≈....≈....#.≈≈≈≈
≈≈≈≈≈≈≈≈≈≈≈≈≈≈≈≈≈≈......≈≈≈≈
≈≈≈≈≈≈≈≈≈≈≈≈≈≈†≈≈≈≈≈..≈≈≈≈


You could see 3 sea snakes and 2 wind drakes.

Vanquished Creatures
  Gastronok (Lair:3)
  An azure jelly (D:14)
  A fire dragon (Lair:6)
  A boulder beetle (D:12)
  An ogre mage (D:12)
  A catoblepas (Lair:6)
  A rakshasa (D:14)
  A vault guard (D:14)
  2 centaur warriors (D:15)
  9 hydras
  A death knight (D:12)
  7 death yaks (Lair:6)
  10 two-headed ogres
  3 tengu warriors
  A vampire mage (D:15)
  4 orc high priests
  A skeletal warrior (D:15)
  3 sea snakes (Shoals:1)
  4 orc knights
  A swamp dragon (Lair:6)
  2 lindwurms (Lair:6)
  2 wizards
  4 necromancers
  2 orc sorcerers
  A frost giant zombie (D:15)
  3 deep elf pyromancers
  3 manticores
  7 ugly things
  An oklob plant (D:11)
  4 fauns (Shoals:1)
  7 cyclopes
  8 elephants
  A stone giant zombie (D:15)
  A black mamba (shapeshifter) (D:15)
  8 black mambas
  A frost giant skeleton (D:15)
  10 cane toads
  A torpor snail (Lair:6)
  4 kobold demonologists
  18 komodo dragons
  6 rime drakes
  An efreet (D:14)
  A guardian mummy (D:15)
  2 freezing wraiths (D:14)
  9 trolls
  5 polar bears (Lair:2)
  A merfolk (Shoals:1)
  2 wind drakes (Shoals:1)
  11 hornets (Lair:1)
  16 blink frogs
  A spriggan zombie (D:15)
  A raiju (shapeshifter) (D:14)
  3 dream sheep (Lair:6)
  6 slime creatures (D:13)
  47 yaks
  2 shadows
  6 wraiths
  A water elemental (Shoals:1)
  3 wyverns
  Eustachio (D:6)
  13 fire bats (D:9)
  5 basilisks
  Grum (D:9)
  20 humans (D:14)
  5 steam dragons
  2 wargs (Orc:1)
  A harpy simulacrum (D:15)
  7 vampire mosquitoes
  2 acid dragons (Lair:6)
  3 nagas (Lair:4)
  14 water moccasins
  29 orc warriors
  An ice beast (D:6)
  A swamp drake (Lair:6)
  A sky beast (D:6)
  10 black bears
  4 ogres
  8 centaurs
  5 boggarts (D:12)
  13 wolves
  5 kobold brigands
  2 phantoms
  3 necrophages
  Blork the orc (D:5)
  12 bullfrogs
  7 wights
  4 killer bees (D:10)
  An electric eel (Lair:2)
  3 howler monkeys
  26 orc priests
  2 hounds (D:5)
  Crazy Yiuf (D:6)
  4 gnoll shamans
  Natasha (thrice) (D:4)
  6 iguanas
  25 orc wizards
  A hell rat (Lair:6)
  25 gnolls
  14 adders
  A shadow imp (D:5)
  4 worms
  5 dart slugs
  55 orcs
  12 ball pythons
  6 endoplasms
  11 giant cockroaches
  14 goblins
  11 hobgoblins
  8 quokkas
  71 bats
  9 frilled lizards
  26 kobolds
  9 rats
799 creatures vanquished.

Vanquished Creatures (collateral kills)
  Nessos (D:12)
  A gargoyle (D:12)
  3 yaks (Lair:3)
  A water moccasin (Lair:3)
6 creatures vanquished.

Vanquished Creatures (others)
  An orc priest (Orc:1)
  3 bats (D:9)
  17 fungi
  70 plants
  2 withered plants (D:15)
93 creatures vanquished.

Grand Total: 898 creatures vanquished

Notes
Turn   | Place    | Note
-------+----------+-------------------------------------------
     0 | D:1      | brightshaft the Merfolk Brigand began the quest for the
                  | Orb.
     0 | D:1      | Reached XP level 1. HP: 16/16 MP: 1/1
   243 | D:1      | Found Karauly's Jewellery Boutique.
   355 | D:1      | Reached XP level 2. HP: 21/23 MP: 2/2
   700 | D:1      | Reached skill level 2 in Dodging
   798 | D:1      | Found a faded altar of an unknown god.
   818 | D:1      | Reached XP level 3. HP: 23/28 MP: 3/3
  1147 | D:2      | Reached XP level 4. HP: 19/34 MP: 4/4
  1807 | D:2      | Identified the +1 robe of Wicked Happiness {*Corrode rPois
                  | MP+9 Int-4}
  2284 | D:3      | Reached XP level 5. HP: 37/41 MP: 5/5
  2506 | D:3      | Reached skill level 1 in Long Blades
  2561 | D:4      | Reached skill level 3 in Dodging
  2832 | D:4      | Noticed Natasha
  2842 | D:4      | Killed Natasha
  2843 | D:4      | Reached XP level 6. HP: 31/47 MP: 6/6
  3029 | D:4      | Found Voqotoh's Book Boutique.
  3037 | D:4      | Noticed Natasha
  3546 | D:4      | Found a stormy altar of Qazlal.
  3627 | D:4      | Killed Natasha
  3628 | D:4      | Reached skill level 4 in Dodging
  3668 | D:4      | Noticed Natasha
  3672 | D:4      | Killed Natasha
  3925 | D:4      | Became a worshipper of Qazlal Stormbringer
  3960 | D:5      | Entered Level 5 of the Dungeon
  3962 | D:5      | Noticed Blork the orc
  3968 | D:5      | Killed Blork the orc
  3984 | D:5      | Reached XP level 7. HP: 37/54 MP: 7/7
  4019 | D:5      | Found a glowing drain.
  4032 | Sewer    | Entered a sewer
  4194 | Sewer    | Reached * piety under Qazlal
  4252 | Sewer    | Reached skill level 5 in Long Blades
  4256 | Sewer    | Reached skill level 5 in Dodging
  4266 | Sewer    | Identified the +8 hunting sling of Incongruity {freeze,
                  | Will++ rCorr}
  4455 | D:5      | Found a staircase to the Ecumenical Temple.
  5221 | D:5      | Reached skill level 1 in Invocations
  5247 | D:5      | Reached XP level 8. HP: 61/61 MP: 8/8
  5383 | D:5      | Reached skill level 5 in Fighting
  5383 | D:5      | Reached skill level 1 in Armour
  5500 | D:5      | Found Siywk's Magic Scroll Emporium.
  5564 | D:5      | Bought a scroll of enchant armour for 75 gold pieces
  5931 | D:5      | Reached skill level 6 in Dodging
  6044 | D:6      | Reached ** piety under Qazlal
  6324 | D:6      | Reached XP level 9. HP: 62/69 MP: 11/11
  6328 | D:6      | Noticed a komodo dragon
  6338 | D:6      | Killed a komodo dragon
  6348 | D:6      | Noticed a manticore
  6354 | D:6      | HP: 3/69 [manticore/volley of spikes (8)]
  6356 | D:6      | HP: 1/69 [manticore (3)]
  6357 | D:6      | Killed a manticore
  6358 | D:6      | Reached skill level 7 in Dodging
  7050 | D:6      | Noticed Eustachio
  7065 | D:6      | Killed Eustachio
  7114 | D:6      | Identified the +0 pair of gloves of Integrity {rN+ Dex+4}
  7244 | D:6      | Found a runed translucent door.
  7245 | D:6      | Noticed Crazy Yiuf
  7250 | D:6      | Killed Crazy Yiuf
  7491 | D:7      | Found Hikhaehe's General Store.
  7498 | D:7      | Bought a potion of heal wounds for 70 gold pieces
  7666 | D:7      | Found an ancient bone altar of Kikubaaqudgha.
  8040 | D:8      | Reached skill level 8 in Dodging
  8131 | D:8      | Reached XP level 10. HP: 50/74 MP: 13/13
  8683 | D:8      | Reached skill level 5 in Invocations
  8714 | D:8      | Reached skill level 9 in Dodging
  8930 | D:8      | Reached skill level 10 in Long Blades
  9756 | D:9      | Found a flagged portal.
  9762 | D:9      | Noticed Grum
 10126 | D:9      | Killed Grum
 10194 | Bailey   | Entered a bailey
 10444 | Bailey   | Reached *** piety under Qazlal
 10864 | D:9      | Reached skill level 10 in Dodging
 10966 | D:9      | Reached XP level 11. HP: 86/86 MP: 15/15
 10990 | D:9      | Noticed a tengu warrior
 11001 | D:9      | Killed a tengu warrior
 11324 | D:9      | Reached **** piety under Qazlal
 11345 | D:9      | Reached skill level 11 in Dodging
 11366 | D:9      | Found a sacrificial altar of Ru.
 11510 | D:9      | Found an opulent altar of Gozag.
 11515 | D:9      | Found a hazy altar of Hepliaklqana.
 11517 | D:9      | Found a runed translucent door.
 11571 | D:9      | Found a shadowy altar of Dithmenos.
 11612 | D:9      | Found a burning altar of Makhleb.
 11622 | D:9      | Found a burning altar of Makhleb.
 11630 | D:9      | Reached ***** piety under Qazlal
 11803 | D:9      | Noticed a flayed ghost
 11880 | D:10     | Entered Level 10 of the Dungeon
 12099 | D:10     | Found a staircase to the Orcish Mines.
 12596 | D:10     | Reached skill level 12 in Dodging
 12757 | D:11     | Noticed a two-headed ogre
 12766 | D:11     | Killed a two-headed ogre
 12905 | D:11     | Noticed an eight-headed hydra
 12910 | D:11     | Killed a 12-headed hydra
 12911 | D:11     | Reached skill level 5 in Armour
 12911 | D:11     | Reached XP level 12. HP: 94/94 MP: 17/17
 12920 | D:11     | Found a staircase to the Lair.
 13400 | D:11     | You fall into a shaft and drop 2 floors!
 13436 | D:12     | Reached skill level 13 in Dodging
 13445 | D:12     | Noticed a two-headed ogre
 13452 | D:12     | Killed a two-headed ogre
 13500 | D:12     | Noticed a death knight
 13526 | D:12     | Killed a death knight
 13843 | D:12     | Noticed a two-headed ogre
 13845 | D:12     | Noticed a boulder beetle
 13852 | D:12     | Killed a two-headed ogre
 13864 | D:12     | Killed a boulder beetle
 14024 | D:12     | Reached skill level 14 in Dodging
 14079 | D:12     | Noticed Nessos
 14085 | D:12     | Noticed a two-headed ogre
 14101 | D:12     | Killed a two-headed ogre
 14101 | D:12     | Killed Nessos
 14103 | D:12     | Reached skill level 10 in Fighting
 14222 | D:12     | Noticed a two-headed ogre
 14222 | D:12     | Noticed a two-headed ogre
 14222 | D:12     | Noticed a two-headed ogre
 14223 | D:12     | Noticed an ogre mage
 14223 | D:12     | Noticed a two-headed ogre
 14223 | D:12     | Noticed a two-headed ogre
 14224 | D:12     | Noticed a two-headed ogre
 14227 | D:12     | Killed a two-headed ogre
 14228 | D:12     | Reached XP level 13. HP: 103/103 MP: 19/19
 14339 | D:12     | Reached skill level 15 in Dodging
 15379 | Lair:1   | Entered Level 1 of the Lair of Beasts
 15602 | Lair:1   | Paralysed by a hornet for 1 turns
 16214 | Lair:1   | Identified the ring "Bytewk" {EV+4 SInv}
 17523 | Lair:3   | Reached skill level 16 in Dodging
 17618 | Lair:3   | Noticed Gastronok
 17632 | Lair:3   | Killed Gastronok
 17661 | Lair:3   | Reached XP level 14. HP: 70/113 MP: 17/21
 17810 | Lair:3   | Found a staircase to the Shoals.
 18380 | Lair:4   | Reached skill level 10 in Invocations
 18618 | Lair:4   | Found a staircase to the Snake Pit.
 18641 | Lair:4   | Reached skill level 17 in Dodging
 18764 | Lair:4   | Identified the +9 mace of the Puffball {flame, rF+}
 19267 | Lair:5   | Found a staircase to the Slime Pits.
 19268 | Lair:5   | Found a viscous altar of Jiyva.
 19623 | Lair:5   | Identified 3 scrolls of acquirement
 19630 | Lair:5   | Acquired the +5 triple sword of Cat Enka {protect, rCorr
                  | Int+4}
 19967 | Lair:6   | Entered Level 6 of the Lair of Beasts
 19987 | Lair:6   | Reached ****** piety under Qazlal
 19992 | Lair:6   | Reached skill level 18 in Dodging
 20458 | Lair:6   | Reached XP level 15. HP: 121/121 MP: 23/23
 20565 | Lair:6   | Reached skill level 19 in Dodging
 21356 | Orc:1    | Entered Level 1 of the Orcish Mines
 21575 | Orc:2    | Entered Level 2 of the Orcish Mines
 21925 | Orc:2    | Found a staircase to the Elven Halls.
 22001 | Orc:2    | Found a burning altar of Makhleb.
 22147 | Orc:2    | Found Xeuthe's Weapon Shoppe.
 22147 | Orc:2    | Found Jonuiro's Magic Scroll Shoppe.
 22148 | Orc:2    | Found Batwehap's Jewellery Emporium.
 22152 | Orc:2    | Found Kuodemno's Magic Scroll Emporium.
 22157 | Orc:2    | Bought a +4 ring of protection for 396 gold pieces
 22827 | D:14     | Noticed an azure jelly
 22832 | D:14     | Killed an azure jelly
 22895 | D:14     | Found a frozen archway.
 23101 | D:14     | Reached skill level 20 in Dodging
 23136 | D:14     | Reached XP level 16. HP: 126/131 MP: 25/25
 23143 | D:14     | Identified the +1 chain mail "Lumureotz" {+Blink Str+6
                  | Int-3 Slay-2}
 23180 | D:14     | Found a gate to the Vaults.
 23598 | D:15     | Entered Level 15 of the Dungeon
 23599 | D:15     | Acquired a manual of Invocations
 23821 | D:15     | Found a staircase to the Depths.
 24497 | Shoals:1 | Entered Level 1 of the Shoals
 24543 | Shoals:1 | Reached skill level 1 in Shields
 24547 | Shoals:1 | Killed from afar by a wind drake

Illustrated notes

Levels and vault maps discovered:
D:1:      onia_arrival_mini_spirals, layout_loops_cross, serial_rivers,
          chequers_serial_rivers_small_b, chequers_serial_rivers_marsh,
          chequers_serial_rivers_micro_e, chequers_serial_rivers_micro_c,
          serial_shops, shop, chequers_ecumenical_altar_simple
D:2:      minmay_spotlight, layout_basic, serial_bayou_pond_e
D:3:      layout_rooms
D:4:      layout_loops_ring, nicolae_qazlal_eye_of_the_storm, serial_shops,
          nicolae_shop_waterfront, kennysheep_generic_room_5, uniq_natasha
D:5:      layout_gridville, minmay_temple_entry_grid, serial_shops,
          nicolae_shop_hallway_plus, gup_sewer_entry_bubbles,
          grunt_decor_fettered, hangedman_decor_clover_reticule,
          uniq_blork_the_orc
D:6:      layout_loops_cross, kennysheep_small_square, uniq_eustachio,
          uniq_crazy_yiuf_cottage
D:7:      layout_cave_pools, kiku_gazebo_garden_becter, serial_shops,
          nicolae_shop_stone, kennysheep_generic_room_6
D:8:      layout_layer_cave, kennysheep_generic_room_15
D:9:      due_megacathedral, layout_basic, enter_bailey_3, uniq_grum
D:10:     layout_roguey, david_orc_5, kennysheep_big_empty_room
D:11:     layout_irregular_city, dpeg_oklobed_lair, chequers_mini_garden
D:12:     layout_basic, minivault_20, uniq_nessos
D:13:     layout_rooms
D:14:     layout_long_grid, grunt_vaults_entry_tiered,
          portal_ice_cave_entry_frozen_things, minmay_misc_feat_nine_boxes
D:15:     gammafunk_depths_entry_grave, layout_rooms, kennysheep_crisscross
Lair:1:   layout_gridlike, dreamdust_wasp_nest
Lair:2:   beast_lair_carwin_large_3, layout_regular_city, serial_bayou_shore_b,
          grunt_megastairs_2, serial_bayou_shore_a, lemuel_fruit_tree
Lair:3:   layout_regular_city, minmay_shoals_entry_centaurs,
          serial_bayou_shore_b, uniq_gastronok
Lair:4:   layout_hall_layers, guppyfry_snake_entry_island, serial_bayou_shore_b
Lair:5:   layout_small_grid, slime_altar_1
Lair:6:   hangedman_lair_in_review, layout_regular_city,
          guppyfry_lair_end_dragon, grunt_forest_small_clearings, st_stairs_6
Shoals:1: layout_shoals
Orc:1:    layout_diamond_mine
Orc:2:    st_orc_mages, layout_caves, bloody_makhleb

Skill      XL: |  1  2  3  4  5  6  7  8  9 10 11 12 13 14 15 16 |
---------------+-------------------------------------------------+-----
Short Blades   | 3 4 |  4.1
Dodging        | 2 3 4 5 6 8 10 12 14 16 18 20 | 20.5
Fighting       | 3 4 5 6 7 8 10 11 12 13 14 | 14.1
Long Blades    | 2 4 5 7 9 10 12 13 14 | 14.4
Invocations    | 1 3 4 5 7 8 9 11 12 13 | 13.0
Armour         | 2 3 4 5 6 7 8 9 |  9.1
Shields        | 1 |  1.2
Throwing       | |  2.7
Stealth        | |  4.3

Action                   |  1- 3 |  4- 6 |  7- 9 | 10-12 | 13-15 | 16-18 || total
-------------------------+-------+-------+-------+-------+-------+-------++-------
Melee: Dagger            |    71 |    44 |       |       |       |       ||   115
       Long sword        |       |   110 |   172 |   172 |       |       ||   454
       Punch             |       |     1 |     3 |     7 |     7 |       ||    18
       Tailslap          |       |       |     4 |     1 |    10 |       ||    15
       Scimitar          |       |       |       |   454 |   534 |   156 ||  1144
       Triple sword      |       |       |       |       |   460 |    14 ||   474
 Fire: Hunting sling     |       |       |   125 |    11 |       |       ||   136
Invok: Upheaval          |       |       |     1 |     5 |     1 |       ||     7
       Elemental Force   |       |       |       |     1 |     1 |       ||     2
       Disaster Area     |       |       |       |       |     2 |     2 ||     4
  Use: Scroll            |       |       |       |    14 |    15 |     1 ||    30
       Potion            |       |       |       |     2 |     1 |     2 ||     5
 Stab: Sleeping          |     7 |     8 |     1 |       |       |       ||    16
       Distracted        |       |     1 |       |       |       |       ||     1
       Paralysed         |       |       |       |     1 |       |       ||     1
       Petrified         |       |       |       |       |     1 |       ||     1
Armor: Robe              |    13 |    46 |    14 |       |       |       ||    73
       Scale mail        |       |       |    74 |   103 |    64 |    32 ||   273
       Steam dragon scal |       |       |       |    42 |   142 |       ||   184
       Skin              |       |       |       |     1 |       |       ||     1
Dodge: Dodged            |    47 |   114 |   174 |   555 |  1476 |   178 ||  2544
       Repelled          |       |       |       |     3 |     7 |       ||    10
Block: Other             |       |       |    18 |   152 |   391 |     3 ||   564
       Orb               |       |       |       |       |    43 |    42 ||    85
       Buckler           |       |       |       |       |       |    30 ||    30

Table legend: (Time is in decaauts)
 A = Elapsed time spent in this place.
 B = Non-inter-level travel time spent in this place.
 C = Inter-level travel time spent in this place.
 D = Time resting spent in this place.
 E = Time spent auto-exploring this place.
 F = Levels seen in this place.
 G = Mean time per level.
                   A        B        C        D        E       F      G
               +--------+--------+--------+--------+--------+-----+--------+
         Total |  24263 |  22785 |   1478 |      0 |  18052 |  26 |  933.2 |
       Dungeon |  16677 |  15598 |   1079 |      0 |  12554 |  15 | 1111.8 |
          Lair |   5773 |   5432 |    341 |      0 |   4334 |   6 |  962.2 |
        Shoals |     36 |     36 |      0 |      0 |      0 |   1 |   36.0 |
  Orcish Mines |    909 |    851 |     58 |      0 |    605 |   2 |  454.5 |
         Sewer |    357 |    357 |      0 |      0 |    213 |   1 |  357.0 |
        Bailey |    508 |    508 |      0 |      0 |    345 |   1 |  508.0 |
               +--------+--------+--------+--------+--------+-----+--------+

Top non-repeatable levels by time:
     D:8: 2090 daAuts
    D:12: 1551 daAuts
     D:4: 1482 daAuts
     D:6: 1390 daAuts
     D:9: 1262 daAuts
  Lair:6: 1194 daAuts
     D:2: 1187 daAuts
  Lair:2: 1173 daAuts
    D:11: 1147 daAuts
     D:1: 1118 daAuts
    D:14: 1006 daAuts
  Lair:1: 972 daAuts
     D:5: 961 daAuts
    D:10: 949 daAuts
  Lair:3: 863 daAuts
